 Dungeon Crawl Stone Soup version 0.23-a0-629-gae4348f (webtiles) character file.

604 Lanoc the Slasher (level 7, -2/38 HPs)
             Began as a Vine Stalker Monk on Dec 25, 2018.
             Was a Believer of the Shining One.
             Killed by nerve-wracking pain
             ... invoked by an orc priest
              (3 damage)
             ... on level 4 of the Dungeon.
             The game lasted 00:10:42 (3049 turns).

Lanoc the Slasher (Vine Stalker Monk)               Turns: 3049, Time: 00:10:42

Health: -2/38      AC:  5    Str: 16    XL:     7   Next: 42%
Magic:  0/8        EV: 14    Int: 10    God:    the Shining One [**....]
Gold:   102        SH:  0    Dex: 16    Spells: 6/6 levels left

rFire    . . .     SeeInvis +   a - +0 falchion
rCold    + . .     Gourm    .   (no shield)
rNeg     + . .     Faith    .   t - +2 leather armour {rC+}
rPois    .         Spirit   +   (no helmet)
rElec    .         Reflect  .   (no cloak)
rCorr    .         Harm     .   (no gloves)
MR       .....                  (no boots)
Stlth    +.........             (no amulet)
HPRegen  0.52/turn              i - ring of see invisible
MPRegen  0.11/turn              q - ring of stealth

@: glowing
A: fangs 2, regeneration 1, magic shield, antimagic bite, no potion heal 3, rot
immunity
a: Divine Shield, Renounce Religion


You were on level 4 of the Dungeon.
You worshipped the Shining One.
The Shining One was pleased with you.
You were not hungry.

You visited 2 branches of the dungeon, and saw 5 of its levels.

You collected 102 gold pieces.

Inventory:

Hand Weapons
 a - a +0 falchion (weapon)
Missiles
 b - 20 arrows
Armour
 t - a +2 leather armour of cold resistance (worn)
Jewellery
 i - a ring of see invisible (left hand)
 q - a ring of stealth (right hand)
Wands
 o - a wand of polymorph (9)
 r - a wand of paralysis (11)
Scrolls
 d - 3 scrolls of remove curse {unknown}
 f - a scroll of magic mapping {unknown}
 h - 3 scrolls of teleportation {unknown}
 j - 2 scrolls of fog {unknown}
 l - 3 scrolls of identify {unknown}
 m - a scroll of fear {unknown}
 n - a scroll of enchant weapon {unknown}
 s - a scroll of immolation {unknown}
Potions
 e - 2 potions of lignification {unknown}
 g - 3 potions of mutation {unknown}
 k - 2 potions of curing
 p - a potion of degeneration {unknown}
 u - a potion of heal wounds {unknown}
Comestibles
 c - 9 rations


   Skills:
 + Level 4.4 Fighting
 * Level 5.7 Long Blades
 + Level 4.0 Dodging
 - Level 2.4 Stealth


You had 6 spell levels left.
You didn't know any spells.
Your spell library was empty.

Dungeon Overview and Level Annotations

Branches:
Dungeon (4/15)             Temple (1/1) D:4

Altars:
Ashenzari
Cheibriados
Dithmenos
Elyvilon
Fedhas
Gozag
Hepliaklqana
Kikubaaqudgha
Makhleb
Okawaru
Qazlal
Sif Muna
Trog
Uskayaw
Vehumet
Wu Jian
Zin
The Shining One


Innate Abilities, Weirdness & Mutations

You have extremely sharp teeth.
Your natural rate of healing is unusually fast.
When hurt, damage is shared between your health and your magic reserves.
Your bite disrupts and absorbs the magic of your enemies.
Potions cannot restore your health.
You are immune to rotting.


Message History

The orc wizard barely misses you.
The orc wizard mumbles some strange words.
The orc wizard blinks!
The orc priest invokes the aid of Beogh against you.
Beogh smites you!
* * * LOW HITPOINT WARNING * * *
You have no ailments to cure.
You have no ailments to cure.
You completely miss the orc priest.
The orc wizard hits you with a +0 dagger.
* * * LOW HITPOINT WARNING * * *
The orc wizard points at you and mumbles some strange words.
The magic dart hits you!
* * * LOW HITPOINT WARNING * * *
Okay, then.
You closely miss the orc priest.
The orc wizard hits you with a +0 dagger.
The orc priest calls down the wrath of Beogh upon you.
Pain shoots through your body!
You die...

## .. #### .#
...# .# ##.#
########.###.#.
##.#
#.......o.ยง....
##.#
#.#####@o....o.
...# #.#
#.###o... ...#
#)# #.# .. #.##
#.# #o# #.# #.#
#o# #.# #.###
#.# #.# #...#
#.# #.## ###.#
#.. ...# ##..#


You could see 2 orc priests, 2 orc wizards and 2 orcs.

Vanquished Creatures
  Grinder (D:3)
  Menkaure (D:4)
  Blork the orc (D:4)
  Jessica (D:2)
  Ijyb (D:3)
  4 gnolls (D:2)
  6 adders
  An adder skeleton (D:2)
  4 worms (D:2)
  2 dart slugs (D:3)
  2 leopard geckos
  4 orcs
  A giant cockroach (D:1)
  4 goblins
  10 hobgoblins
  2 kobolds
  4 quokkas
  2 ball pythons
  8 bats
  6 frilled lizards
  A quokka skeleton (D:2)
  7 rats
73 creatures vanquished.

Notes
Turn   | Place    | Note
-------+----------+-------------------------------------------
     0 | D:1      | Lanoc the Vine Stalker Monk began the quest for the Orb.
     0 | D:1      | Reached XP level 1. HP: 11/11 MP: 2/2
   152 | D:1      | Reached skill level 3 in Long Blades
   152 | D:1      | Reached XP level 2. HP: 16/16 MP: 1/3
   520 | D:1      | Reached XP level 3. HP: 16/20 MP: 1/4
  1192 | D:2      | Noticed Jessica
  1205 | D:2      | Killed Jessica
  1205 | D:2      | Gained mutation: Your natural rate of healing is unusually
                  | fast. [Vine Stalker growth]
  1205 | D:2      | Reached XP level 4. HP: 9/24 MP: 2/5
  1273 | D:2      | Reached skill level 4 in Long Blades
  1287 | D:2      | Reached XP level 5. HP: 9/28 MP: 2/6
  1981 | D:3      | Found a snail-covered altar of Cheibriados.
  2049 | D:3      | Found a radiant altar of Vehumet.
  2049 | D:3      | Noticed Ijyb
  2054 | D:3      | Paralysed by Ijyb for 5 turns
  2062 | D:3      | Killed Ijyb
  2251 | D:3      | Noticed Grinder
  2272 | D:3      | Killed Grinder
  2272 | D:3      | Reached skill level 5 in Long Blades
  2272 | D:3      | Reached XP level 6. HP: 16/33 MP: 7/7
  2286 | D:3      | Found an ornate altar of the Wu Jian Council.
  2679 | D:4      | Noticed Blork the orc
  2693 | D:4      | Killed Blork the orc
  2693 | D:4      | Reached XP level 7. HP: 28/37 MP: 6/8
  2743 | D:4      | Found a staircase to the Ecumenical Temple.
  2762 | Temple   | Entered the Ecumenical Temple
  2792 | Temple   | Became a worshipper of the Shining One
  2792 | Temple   | Reached * piety under the Shining One
  2792 | Temple   | Reached ** piety under the Shining One
  3036 | D:4      | Noticed Menkaure
  3046 | D:4      | Killed Menkaure
  3048 | D:4      | HP: 1/38 [orc wizard/magic dart (1)]
  3049 | D:4      | Killed from afar by an orc priest

Vault maps used:
D:1:      shiori_shiawase
D:2:      kennysheep_generic_room_8, uniq_jessica
D:3:      lemuel_doored_altar, lemuel_round_altar,
          nicolae_overflow_hidden_temple, uniq_grinder, uniq_ijyb
D:4:      lemuel_round_altar, minmay_temple_entry_stoned_glass,
          uniq_blork_the_orc, uniq_crazy_yiuf_cottage, uniq_menkaure
Temple:   minmay_freezing_vapour_temple

Skill      XL: |  1  2  3  4  5  6  7 |
---------------+----------------------+-----
Long Blades    | 3 4 5 |  5.7
Fighting       | 3 4 |  4.4
Dodging        | 3 4 |  4.0
Stealth        | |  2.4

Action                   |  1- 3 |  4- 6 |  7- 9 || total
-------------------------+-------+-------+-------++-------
Melee: Falchion          |    73 |   146 |    22 ||   241
       Bite              |    22 |    55 |     5 ||    82
 Stab: Sleeping          |     5 |    12 |       ||    17
       Distracted        |       |     1 |       ||     1
  Eat: Chunk             |     1 |     5 |     1 ||     7
Armor: Robe              |    12 |    28 |       ||    40
       Leather armour    |       |     1 |     5 ||     6
Dodge: Dodged            |    52 |    83 |    11 ||   146
       Rpst.: Falchion   |    19 |    34 |     2 ||    55

Table legend:
 A = Non-vault XP
 B = Vault XP
 C = Vault XP percentage of total XP
 D = Non-vault monster count
 E = Vault monster count
 F = Vault count percentage of total count
                 A         B        C        D         E       F
            +---------+---------+-------+---------+---------+-------
      Total |     243 |     620 |  71.8 |      67 |       6 |   8.2
            +---------+---------+-------+---------+---------+-------
        D:1 |      34 |       0 |   0.0 |      21 |       0 |   0.0
        D:2 |     147 |      50 |  25.4 |      28 |       2 |   6.7
        D:3 |      52 |     299 |  85.2 |      13 |       2 |  13.3
        D:4 |      10 |     271 |  96.4 |       5 |       2 |  28.6
            +---------+---------+-------+---------+---------+-------
